 Dungeon Crawl Stone Soup version 0.25-a0-598-gc9c9e4cfe1 (webtiles) character file.

Game seed: 4215235067443791195, levelgen mode: deterministic

767 MisterFreud the Shield-Bearer (level 7, 0/60 HPs)
             Began as a Gnoll Fighter on Mar 15, 2020.
             Slain by an ogre
             ... wielding a +0 giant club
              (19 damage)
             ... on level 6 of the Dungeon.
             The game lasted 00:06:12 (4530 turns).

MisterFreud the Shield-Bearer (Gnoll Fighter)       Turns: 4530, Time: 00:06:12

Health: 0/60       AC:  8    Str: 19    XL:     7   Next: 82%
Magic:  11/11      EV: 11    Int: 12    God:
Gold:   265        SH: 11    Dex: 14    Spells: 11/11 levels left

rFire    . . .     SeeInvis .   a - +0 rapier
rCold    . . .     Gourm    .   c - +0 kite shield
rNeg     . . .     Faith    .   x - +0 leather armour (curse)
rPois    .         Spirit   .   (no helmet)
rElec    .         Reflect  .   (no cloak)
rCorr    .         Harm     .   C - +0 pair of gloves
MR       .....     Rnd*Tele +   B - +2 pair of boots
Stlth    ++........             (no amulet)
HPRegen  0.20/turn              z - ring of teleportation (curse)
MPRegen  0.12/turn              (no ring)

@: no status effects
A: distributed training, fangs 1, strong nose
a: no special abilities


You were on level 6 of the Dungeon.
You were hungry.

You visited 1 branch of the dungeon, and saw 6 of its levels.

You collected 265 gold pieces.

Inventory:

Hand Weapons
 a - a +0 rapier (weapon)
 b - a +0 hunting sling
Missiles
 k - 97 arrows
 m - 112 stones (quivered)
 s - 57 sling bullets
 y - 44 bolts
 G - 8 poisoned darts
Armour
 c - a +0 kite shield (worn)
 g - a +0 scale mail
 j - a +0 chain mail
 n - a +0 pair of boots
 x - a cursed +0 leather armour (worn)
 B - a +2 pair of boots (worn)
 C - a +0 pair of gloves (worn)
Jewellery
 z - a cursed ring of teleportation (left hand)
Wands
 w - a wand of iceblast (4)
Scrolls
 h - a scroll of remove curse {unknown}
 i - 4 scrolls of identify
 l - 4 scrolls of enchant armour {unknown}
 o - a scroll of fear {unknown}
 r - a scroll of enchant weapon {unknown}
 t - 4 scrolls of teleportation {unknown}
 v - 2 scrolls of amnesia {unknown}
 A - a scroll of immolation {unknown}
 D - 2 scrolls of fog {unknown}
 F - a scroll of magic mapping {unknown}
Potions
 d - a potion of might
 e - 2 potions of heal wounds
 p - 4 potions of cancellation
 q - 3 potions of haste
 u - 3 potions of curing
 E - a potion of magic
Comestibles
 f - 14 rations


   Skills:
 + Level 7.1 Fighting
 + Level 5.3 Short Blades
 + Level 2.6 Long Blades
 + Level 2.6 Axes
 + Level 2.6 Maces & Flails
 + Level 2.6 Polearms
 + Level 2.6 Staves
 + Level 2.6 Slings
 + Level 2.6 Bows
 + Level 2.6 Crossbows
 + Level 2.6 Throwing
 + Level 7.1 Armour
 + Level 2.6 Dodging
 + Level 2.6 Stealth
 + Level 7.1 Shields
 + Level 2.6 Unarmed Combat
 + Level 2.6 Spellcasting
 + Level 2.1 Conjurations
 + Level 2.1 Hexes
 + Level 2.1 Charms
 + Level 2.1 Summonings
 + Level 2.1 Necromancy
 + Level 2.1 Translocations
 + Level 2.1 Transmutations
 + Level 2.1 Fire Magic
 + Level 2.1 Ice Magic
 + Level 2.1 Air Magic
 + Level 2.1 Earth Magic
 + Level 2.1 Poison Magic
 + Level 3.0 Invocations
 + Level 2.6 Evocations


You had 11 spell levels left.
You didn't know any spells.
Your spell library was empty.

Dungeon Overview and Level Annotations

Branches:
Dungeon (6/15)
 Temple: D:4-7

Altars:


Innate Abilities, Weirdness & Mutations

Your experience applies equally to all skills.
You have very sharp teeth.
Your uncanny sense of smell can sniff out nearby items.


Message History

You barely miss the ogre. You bite the ogre.
The ogre is lightly wounded.
The ogre hits you with a +0 giant club.
You closely miss the ogre.
The ogre is lightly wounded.
Your shield prevents you from hitting the ogre.
The ogre is lightly wounded.
You block the ogre's attack.
You puncture the ogre!
The ogre is moderately wounded.
The ogre hits you with a +0 giant club!
You puncture the ogre! You bite the ogre.
The ogre is severely wounded.
The ogre hits you with a +0 giant club!!
* * * LOW HITPOINT WARNING * * *
Your shield prevents you from hitting the ogre.
You bite the ogre, but do no damage.
The ogre is severely wounded.
The ogre hits you with a +0 giant club!!
You die...

## #######> ........
#####################.##########.
.....##.........@O....##...#.###.
.###.##.################.#.......
.#<.....# #............##
.#.#.#### #.#####.#...## .....#
#.# #.##.## ##.### #.# #.##.# #.#
#.# #.##.# #.# ########.# #.##.#
#.# .........# #.##.#


You could see an ogre.

Vanquished Creatures
  A sky beast (D:5)
  A phantom (D:4)
  A necrophage (D:5)
  A centaur (D:5)
  A scorpion (D:5)
  A hound (D:3)
  A jelly (D:5)
  A bullfrog skeleton (D:5)
  An orc priest (D:4)
  An orc wizard (D:3)
  9 adders
  A shadow imp (D:5)
  2 oozes (D:3)
  An adder skeleton (D:5)
  2 worms
  2 dart slugs
  4 leopard geckos
  12 orcs
  A ball python (D:2)
  9 giant cockroaches
  6 goblins
  6 hobgoblins
  8 jackals
  9 kobolds
  6 quokkas
  10 bats
  6 frilled lizards
  8 rats
112 creatures vanquished.

Notes
Turn   | Place    | Note
-------+----------+-------------------------------------------
     0 | D:1      | MisterFreud the Gnoll Fighter began the quest for the Orb.
     0 | D:1      | Reached XP level 1. HP: 23/23 MP: 1/1
   252 | D:1      | Reached XP level 2. HP: 29/29 MP: 2/2
   853 | D:2      | Reached XP level 3. HP: 25/35 MP: 3/3
  1043 | D:2      | Reached skill level 1 in Invocations
  1265 | D:2      | Reached skill level 1 in Long Blades
  1265 | D:2      | Reached skill level 1 in Axes
  1265 | D:2      | Reached skill level 1 in Maces & Flails
  1265 | D:2      | Reached skill level 1 in Polearms
  1265 | D:2      | Reached skill level 1 in Staves
  1265 | D:2      | Reached skill level 1 in Slings
  1265 | D:2      | Reached skill level 1 in Bows
  1265 | D:2      | Reached skill level 1 in Crossbows
  1265 | D:2      | Reached skill level 1 in Throwing
  1265 | D:2      | Reached skill level 1 in Dodging
  1265 | D:2      | Reached skill level 1 in Stealth
  1265 | D:2      | Reached skill level 1 in Unarmed Combat
  1265 | D:2      | Reached skill level 1 in Spellcasting
  1265 | D:2      | Reached skill level 1 in Evocations
  1305 | D:2      | Reached XP level 4. HP: 35/41 MP: 5/5
  1525 | D:2      | Reached skill level 1 in Conjurations
  1525 | D:2      | Reached skill level 1 in Hexes
  1525 | D:2      | Reached skill level 1 in Charms
  1525 | D:2      | Reached skill level 1 in Summonings
  1525 | D:2      | Reached skill level 1 in Necromancy
  1525 | D:2      | Reached skill level 1 in Translocations
  1525 | D:2      | Reached skill level 1 in Transmutations
  1525 | D:2      | Reached skill level 1 in Fire Magic
  1525 | D:2      | Reached skill level 1 in Ice Magic
  1525 | D:2      | Reached skill level 1 in Air Magic
  1525 | D:2      | Reached skill level 1 in Earth Magic
  1525 | D:2      | Reached skill level 1 in Poison Magic
  2024 | D:3      | Reached XP level 5. HP: 46/47 MP: 5/7
  2389 | D:3      | Reached XP level 6. HP: 48/53 MP: 8/8
  3317 | D:4      | Noticed a phantom
  3358 | D:4      | Killed a phantom
  3358 | D:4      | Reached skill level 5 in Short Blades
  3641 | D:5      | Entered Level 5 of the Dungeon
  3701 | D:5      | Reached XP level 7. HP: 47/59 MP: 10/10
  4530 | D:6      | Slain by an ogre

Levels and vault maps discovered:
D:1:      scummos_arrival_gate, layout_basic
D:2:      layout_loops_ring
D:3:      kb_forest_paths, layout_loops_ring
D:4:      layout_loops_ring, first_ration
D:5:      layout_rooms
D:6:      layout_loops_ring, gammafunk_ghost_hive

Skill      XL: |  1  2  3  4  5  6  7 |
---------------+----------------------+-----
Invocations    | 1 2 3 |  3.0
Long Blades    | 1 2 |  2.6
Axes           | 1 2 |  2.6
Maces & Flails | 1 2 |  2.6
Polearms       | 1 2 |  2.6
Staves         | 1 2 |  2.6
Slings         | 1 2 |  2.6
Bows           | 1 2 |  2.6
Crossbows      | 1 2 |  2.6
Throwing       | 1 2 |  2.6
Dodging        | 1 2 |  2.6
Stealth        | 1 2 |  2.6
Unarmed Combat | 1 2 |  2.6
Spellcasting   | 1 2 |  2.6
Evocations     | 1 2 |  2.6
Conjurations   | 1 2 |  2.1
Hexes          | 1 2 |  2.1
Charms         | 1 2 |  2.1
Summonings     | 1 2 |  2.1
Necromancy     | 1 2 |  2.1
Translocations | 1 2 |  2.1
Transmutations | 1 2 |  2.1
Fire Magic     | 1 2 |  2.1
Ice Magic      | 1 2 |  2.1
Air Magic      | 1 2 |  2.1
Earth Magic    | 1 2 |  2.1
Poison Magic   | 1 2 |  2.1
Short Blades   | 5 |  5.3
Fighting       | 7 |  7.1
Armour         | 7 |  7.1
Shields        | 7 |  7.1

Action                   |  1- 3 |  4- 6 |  7- 9 || total
-------------------------+-------+-------+-------++-------
Melee: Rapier            |   109 |   243 |    67 ||   419
       Bite              |     9 |    25 |    10 ||    44
  Use: Scroll            |       |       |     6 ||     6
 Stab: Sleeping          |       |     4 |     1 ||     5
  Eat: Chunk             |     1 |     8 |     2 ||    11
Armor: Scale mail        |    30 |    11 |       ||    41
       Leather armour    |       |    39 |    11 ||    50
Dodge: Dodged            |    28 |    61 |    15 ||   104
Block: Kite shield       |    60 |   117 |    25 ||   202

Table legend:
 A = Non-vault XP
 B = Vault XP
 C = Vault XP percentage of total XP
 D = Non-vault monster count
 E = Vault monster count
 F = Vault count percentage of total count
                 A         B        C        D         E       F
            +---------+---------+-------+---------+---------+-------
      Total |    1083 |      13 |   1.2 |     106 |       6 |   5.4
            +---------+---------+-------+---------+---------+-------
        D:1 |      31 |       0 |   0.0 |      18 |       0 |   0.0
        D:2 |     104 |       0 |   0.0 |      30 |       0 |   0.0
        D:3 |     190 |      13 |   6.4 |      34 |       6 |  15.0
        D:4 |     188 |       0 |   0.0 |      10 |       0 |   0.0
        D:5 |     567 |       0 |   0.0 |      13 |       0 |   0.0
        D:6 |       3 |       0 |   0.0 |       1 |       0 |   0.0
            +---------+---------+-------+---------+---------+-------
